| TOP OF THE 1ST |
|
University of California Golden Bears batting - Pitching for University of Illinois Fighting Illini : LHP Jody Phillips
|
|
Pitching: LHP Jody Phillips
|
|
|
Batting: RHB Timoleon Tsikouna
|
0-0: Ball 1-0: Foul Ball, location: 2F 1-1: Foul Ball, location: 2F 1-2: Foul Ball, location: 2F 1-2: Ball 2-2: Ball 3-2: Reached on error, E5 (Groundball, 56, EV 86.9 MPH)
|
|
Batting: RHB Ryan Roberts
|
0-0: Called Strike 0-1: Ball 1-1: Foul Ball, location: 2F 1-2: Foul Ball, location: 2F 1-2: Strikes out swinging
|
|
Batting: RHB Tony Harper
|
0-0: Ball 1-0: Called Strike 1-1: Ball 2-1: Ball 3-1: Called Strike 3-2: SINGLE (Flyball, 8LS, EV 96.2 MPH) Timoleon Tsikouna to second Runner from 2nd tries for 3rd, SAFE, throw by CF made to third
|
|
Batting: RHB Tommy Hunter
|
0-0: Ball 1-0: Ball 2-0: Fly out, F4 (Popup, 4, EV 59.4 MPH)
|
|
Batting: RHB Dan Myers
|
0-0: Foul Ball, location: 2F 0-1: Foul Ball, location: 2F 0-2: Ball 1-2: Strikes out swinging
|
| Top of the 1st over - 0 runs, 1 hit, 1 error, 2 left on base; University of California 0 - University of Illinois 0 |
| BOTTOM OF THE 1ST |
|
University of Illinois Fighting Illini batting - Pitching for University of California Golden Bears : LHP J.T. Ready
|
|
Pitching: LHP J.T. Ready
|
|
|
Batting: LHB George Roben
|
0-0: Called Strike 0-1: DOUBLE (Flyball, 8LXD, EV 110.6 MPH)
|
|
Batting: RHB Tim Jobe
|
0-0: Called Strike 0-1: Foul Ball, location: 2F 0-2: Strikes out looking
|
|
Batting: RHB Jose Tovar
|
0-0: Swinging Strike 0-1: Swinging Strike 0-2: Ground out 6-3 (Groundball, 6, EV 85.0 MPH) George Roben to third
|
|
Batting: SHB Matt Urbani
|
0-0: Ball 1-0: Foul Ball, location: 2F 1-1: Foul Ball, location: 2F 1-2: Ball 2-2: Ball 3-2: Foul Ball, location: 2F 3-2: Hit by Pitch
|
|
Batting: LHB Nick Rooney
|
0-0: Called Strike 0-1: Called Strike 0-2: Strikes out swinging
|
| Bottom of the 1st over - 0 runs, 1 hit, 0 errors, 2 left on base; University of California 0 - University of Illinois 0 |
| TOP OF THE 2ND |
|
University of California Golden Bears batting - Pitching for University of Illinois Fighting Illini : LHP Jody Phillips
|
|
Batting: SHB Javon Mitchell
|
0-0: Called Strike 0-1: Ball 1-1: Foul Ball, location: 2F 1-2: Fly out, F7 (Flyball, 7S, EV 86.2 MPH)
|
|
Batting: RHB Gojko Golob
|
0-0: Ball 1-0: Ball 2-0: SINGLE (Line Drive, 56D, EV 94.4 MPH)
|
|
Batting: RHB Tyler Arrington
|
0-0: Ball 1-0: Fly out, F6 (Popup, 4S, EV 83.8 MPH)
|
|
Batting: RHB Eric Tesler
|
0-0: SINGLE (Groundball, 6MD, EV 96.9 MPH) Gojko Golob to second Runner from 2nd tries for 3rd, SAFE, throw by CF made to third
|
|
Batting: RHB Timoleon Tsikouna
|
0-0: Fly out, F6 (Flyball, 56D, EV 83.1 MPH)
|
| Top of the 2nd over - 0 runs, 2 hits, 0 errors, 2 left on base; University of California 0 - University of Illinois 0 |
| BOTTOM OF THE 2ND |
|
University of Illinois Fighting Illini batting - Pitching for University of California Golden Bears : LHP J.T. Ready
|
|
Batting: RHB Chris McGuirk
|
0-0: Ball 1-0: Foul Ball, location: 2F 1-1: Foul Ball, location: 2F 1-2: Strikes out swinging
|
|
Batting: RHB Nick Delisle
|
0-0: Reached on error, E4 (Groundball, 4, EV 91.2 MPH)
|
|
Batting: RHB Marco Castillo
|
0-0: Swinging Strike 0-1: Foul Ball, location: 2F 0-2: Strikes out swinging
|
|
Batting: RHB Raul Franco
|
0-0: Ball 1-0: Swinging Strike 1-1: Foul Ball, location: 2F 1-2: Ground out 6-3 (Groundball, 6S, EV 81.9 MPH)
|
| Bottom of the 2nd over - 0 runs, 0 hits, 1 error, 1 left on base; University of California 0 - University of Illinois 0 |
| TOP OF THE 3RD |
|
University of California Golden Bears batting - Pitching for University of Illinois Fighting Illini : LHP Jody Phillips
|
|
Batting: RHB Ryan Roberts
|
0-0: Ground out 6-3 (Groundball, 6, EV 82.5 MPH)
|
|
Batting: RHB Tony Harper
|
0-0: Called Strike 0-1: Ball 1-1: SINGLE (Groundball, 6D, EV 98.1 MPH)
|
|
Batting: RHB Tommy Hunter
|
0-0: Foul Ball, location: 2F 0-1: Ball 1-1: Ball 2-1: Foul Ball, location: 2F 2-2: Ball 3-2: Fly out, F8 (Flyball, 8RM, EV 91.2 MPH)
|
|
Batting: RHB Dan Myers
|
0-0: Ball 1-0: Swinging Strike 1-1: Called Strike 1-2: Fly out, F3 (Popup, 23, EV 86.2 MPH)
|
| Top of the 3rd over - 0 runs, 1 hit, 0 errors, 1 left on base; University of California 0 - University of Illinois 0 |
| BOTTOM OF THE 3RD |
|
University of Illinois Fighting Illini batting - Pitching for University of California Golden Bears : LHP J.T. Ready
|
|
Batting: LHB George Roben
|
0-0: Called Strike 0-1: Swinging Strike 0-2: Strikes out swinging
|
|
Batting: RHB Tim Jobe
|
0-0: Ball 1-0: Fly out, F8 (Flyball, 8LS, EV 85.6 MPH)
|
|
Batting: RHB Jose Tovar
|
0-0: Called Strike 0-1: Swinging Strike 0-2: Ball 1-2: Foul Ball, location: 2F 1-2: Ball 2-2: Ball 3-2: Fly out, F4 (Popup, 34S, EV 83.1 MPH)
|
| Bottom of the 3rd over - 0 runs, 0 hits, 0 errors, 0 left on base; University of California 0 - University of Illinois 0 |
| TOP OF THE 4TH |
|
University of California Golden Bears batting - Pitching for University of Illinois Fighting Illini : LHP Jody Phillips
|
|
Batting: SHB Javon Mitchell
|
0-0: Called Strike 0-1: Ball 1-1: Called Strike 1-2: Foul Ball, location: 2F 1-2: SOLO HOME RUN (Flyball, 7LD, EV 98.8 MPH), Distance : 382 ft
|
|
Batting: RHB Gojko Golob
|
0-0: Ball 1-0: Foul Ball, location: 2F 1-1: Swinging Strike 1-2: Ball 2-2: Fly out, F8 (Flyball, 8RD, EV 92.5 MPH)
|
|
Batting: RHB Tyler Arrington
|
0-0: Ball 1-0: Ball 2-0: Called Strike 2-1: Bunt for hit to 23 - play at first, batter safe!
|
|
Batting: RHB Eric Tesler
|
0-0: SINGLE (Groundball, 4MD, EV 101.9 MPH) Tyler Arrington to second Runner from 2nd tries for 3rd, SAFE, throw by CF made to third
|
|
Batting: RHB Timoleon Tsikouna
|
0-0: Foul Ball, location: 2F 0-1: Ball 1-1: Ball 2-1: Foul Ball, location: 2F 2-2: Fly out, F9 (Flyball, 89XD, EV 98.8 MPH) Runner from 3rd tags up, SCORES, no throw by RF
|
|
Batting: RHB Ryan Roberts
|
0-0: Called Strike 0-1: Called Strike 0-2: Ground out 4-3 (Groundball, 4, EV 98.1 MPH)
|
| Top of the 4th over - 2 runs, 3 hits, 0 errors, 1 left on base; University of California 2 - University of Illinois 0 |
| BOTTOM OF THE 4TH |
|
University of Illinois Fighting Illini batting - Pitching for University of California Golden Bears : LHP J.T. Ready
|
|
Batting: SHB Matt Urbani
|
0-0: Called Strike 0-1: Called Strike 0-2: Strikes out swinging
|
|
Batting: LHB Nick Rooney
|
0-0: Ball 1-0: Fly out, F7 (Flyball, 7LM, EV 85.6 MPH)
|
|
Batting: RHB Chris McGuirk
|
0-0: Foul Ball, location: 2F 0-1: Fly out, F9 (Flyball, 9LD, EV 80.6 MPH)
|
| Bottom of the 4th over - 0 runs, 0 hits, 0 errors, 0 left on base; University of California 2 - University of Illinois 0 |
| TOP OF THE 5TH |
|
University of California Golden Bears batting - Pitching for University of Illinois Fighting Illini : LHP Jody Phillips
|
|
Pitching: RHP Lazaro Vasquez
|
|
|
Batting: RHB Tony Harper
|
0-0: Ball 1-0: Ball 2-0: Called Strike 2-1: Ball 3-1: Swinging Strike 3-2: Base on Balls
|
|
Batting: RHB Tommy Hunter
|
0-0: Foul Ball, location: 2F 0-1: Ball 1-1: Foul Ball, location: 2F 1-2: SINGLE (Groundball, 34, EV 102.5 MPH) Tony Harper to second Runner from 2nd tries for 3rd, SAFE, no throw by RF
|
|
Batting: RHB Dan Myers
|
0-0: Called Strike 0-1: Ball 1-1: Ball 2-1: Ball 3-1: Fly out, F8 (Flyball, 8RM, EV 78.1 MPH) Runner from 3rd tags up, SCORES, throw by CF
|
|
Batting: SHB Javon Mitchell
|
0-0: Ball 1-0: Ball 2-0: Foul Ball, location: 2F 2-1: Ball 3-1: Base on Balls Tommy Hunter to second
|
|
Batting: RHB Gojko Golob
|
0-0: Ball 1-0: Foul Ball, location: 2F 1-1: Swinging Strike 1-2: Ball 2-2: Strikes out looking
|
|
Batting: RHB Tyler Arrington
|
0-0: Foul Ball, location: 2F 0-1: Ground out 4-3 (Groundball, 34, EV 105.6 MPH)
|
| Top of the 5th over - 1 run, 1 hit, 0 errors, 2 left on base; University of California 3 - University of Illinois 0 |
| BOTTOM OF THE 5TH |
|
University of Illinois Fighting Illini batting - Pitching for University of California Golden Bears : LHP J.T. Ready
|
|
Pitching: RHP Felix Carranza
|
|
|
Batting: RHB Nick Delisle
|
0-0: Ball 1-0: Swinging Strike 1-1: DOUBLE (Flyball, 7LD, EV 95.0 MPH)
|
|
Batting: RHB Marco Castillo
|
0-0: Called Strike 0-1: Foul Ball, location: 2F 0-2: Ball 1-2: Foul Ball, location: 2F 1-2: Ball 2-2: Strikes out looking
|
|
Batting: RHB Raul Franco
|
0-0: Ball 1-0: Called Strike 1-1: Foul Ball, location: 2F 1-2: Strikes out looking
|
|
Batting: LHB George Roben
|
0-0: Ball 1-0: Ball 2-0: Called Strike 2-1: Ball 3-1: Base on Balls
|
|
Batting: RHB Tim Jobe
|
0-0: SINGLE (Groundball, 4D, EV 93.8 MPH) Nick Delisle to third George Roben to second Runner from 3rd tries for Home, SAFE, throw by CF to home
|
|
Batting: RHB Jose Tovar
|
0-0: Called Strike 0-1: Foul Ball, location: 2F 0-2: Ball 1-2: Fielders Choice at 2nd, 6-4 (Groundball, 6, EV 88.1 MPH)
|
| Bottom of the 5th over - 1 run, 2 hits, 0 errors, 2 left on base; University of California 3 - University of Illinois 1 |
| TOP OF THE 6TH |
|
University of California Golden Bears batting - Pitching for University of Illinois Fighting Illini : RHP Lazaro Vasquez
|
|
Batting: RHB Eric Tesler
|
0-0: Called Strike 0-1: SINGLE (Groundball, 56S, EV 71.2 MPH) (infield hit)
|
|
Pinch Hitting: LHB Yomas Rodriguez
|
0-0: Ball 1-0: Bunt - Flyout to 15S! F1
|
|
Batting: LHB Dean Luttman
|
0-0: Ball 1-0: Ball 2-0: SINGLE (Groundball, 4, EV 96.2 MPH) Eric Tesler to second Runner from 2nd tries for 3rd, SAFE, no throw by RF
|
|
Batting: RHB Tony Harper
|
0-0: Fly out, F4 (Popup, 4, EV 66.9 MPH)
|
|
Batting: RHB Tommy Hunter
|
0-0: Ball 1-0: Called Strike 1-1: Ball 2-1: Foul Ball, location: 2F 2-2: TRIPLE (Flyball, 89XD, EV 95.6 MPH) Eric Tesler scores Dean Luttman scores
|
|
Pitching: RHP Kyle Storey
|
|
|
Pinch Hitting: LHB Dean Bloemendal
|
0-0: Called Strike 0-1: Swinging Strike 0-2: Ball 1-2: Ball 2-2: Foul Ball, location: 2F 2-2: Foul Ball, location: 2F 2-2: Strikes out swinging
|
| Top of the 6th over - 2 runs, 3 hits, 0 errors, 1 left on base; University of California 5 - University of Illinois 1 |
| BOTTOM OF THE 6TH |
|
University of Illinois Fighting Illini batting - Pitching for University of California Golden Bears : RHP Felix Carranza
|
|
Now at 2B: Yomas Rodriguez
|
|
|
Now at SS: Eric Tesler
|
|
|
Now in LF: Dean Bloemendal
|
|
|
Batting: SHB Matt Urbani
|
0-0: Called Strike 0-1: Called Strike 0-2: Ball 1-2: Ball 2-2: Ball 3-2: Foul Ball, location: 2F 3-2: Base on Balls
|
|
Pitching: RHP Takeshi Kusanagi
|
|
|
Batting: LHB Nick Rooney
|
0-0: Called Strike 0-1: Ball 1-1: Fly out, F8 (Flyball, 8LM, EV 91.2 MPH)
|
|
Batting: RHB Chris McGuirk
|
0-0: Swinging Strike Matt Urbani steals 2nd base 0-1: Ground out 6-3 (Groundball, 56, EV 81.9 MPH)
|
|
Batting: RHB Nick Delisle
|
0-0: Ball 1-0: Called Strike 1-1: Ball 2-1: Ball 3-1: Called Strike 3-2: Ground out 4-3 (Groundball, 4, EV 98.1 MPH)
|
| Bottom of the 6th over - 0 runs, 0 hits, 0 errors, 1 left on base; University of California 5 - University of Illinois 1 |
| TOP OF THE 7TH |
|
University of California Golden Bears batting - Pitching for University of Illinois Fighting Illini : RHP Kyle Storey
|
|
Pinch Hitting: RHB Luis Monita
|
0-0: Called Strike 0-1: Foul Ball, location: 2F 0-2: Ball 1-2: Strikes out swinging
|
|
Batting: RHB Gojko Golob
|
0-0: Ball 1-0: Swinging Strike 1-1: Foul Ball, location: 2F 1-2: Ball 2-2: Ball 3-2: Foul Ball, location: 2F 3-2: Foul Ball, location: 2F 3-2: Ground out 3-1 (Groundball, 34, EV 81.2 MPH)
|
|
Batting: RHB Tyler Arrington
|
0-0: Ball 1-0: Ball 2-0: Called Strike 2-1: Foul Ball, location: 2F 2-2: Ball 3-2: Strikes out looking
|
| Top of the 7th over - 0 runs, 0 hits, 0 errors, 0 left on base; University of California 5 - University of Illinois 1 |
| BOTTOM OF THE 7TH |
|
University of Illinois Fighting Illini batting - Pitching for University of California Golden Bears : RHP Takeshi Kusanagi
|
|
Now at 3B: Luis Monita
|
|
|
Batting: RHB Marco Castillo
|
0-0: DOUBLE (Line Drive, 3D, EV 94.4 MPH)
|
|
Batting: RHB Raul Franco
|
0-0: Ball 1-0: Called Strike 1-1: Foul Ball, location: 2F 1-2: Foul Ball, location: 2F 1-2: Strikes out swinging
|
|
Batting: LHB George Roben
|
0-0: Ball 1-0: Ball 2-0: Fly out, F9 (Flyball, 9, EV 91.9 MPH)
|
|
Pinch Hitting: RHB Nick Lombardo
|
0-0: Ball 1-0: Ball 2-0: Called Strike 2-1: Ball 3-1: Base on Balls
|
|
Pinch Hitting: LHB Jeremy Lynch
|
0-0: Ball 1-0: Ball 2-0: Ball 3-0: Called Strike 3-1: Called Strike 3-2: Base on Balls Marco Castillo to third Nick Lombardo to second
|
|
Pinch Hitting: RHB Chris Bejarano
|
0-0: Called Strike 0-1: Foul Ball, location: 2F 0-2: Foul Ball, location: 2F 0-2: Ball 1-2: Ball 2-2: Fly out, F4 (Popup, 23, EV 84.4 MPH)
|
| Bottom of the 7th over - 0 runs, 1 hit, 0 errors, 3 left on base; University of California 5 - University of Illinois 1 |
| TOP OF THE 8TH |
|
University of California Golden Bears batting - Pitching for University of Illinois Fighting Illini : RHP Kyle Storey
|
|
Now at 3B: Nick Lombardo
|
|
|
Now in LF: Chris Bejarano
|
|
|
Now in RF: Jeremy Lynch
|
|
|
Batting: RHB Eric Tesler
|
0-0: SINGLE (Groundball, 56, EV 105.0 MPH) (infield hit)
|
|
Batting: LHB Yomas Rodriguez
|
0-0: Sac Bunt to P - play at first, batter OUT! 1-3 Eric Tesler to second
|
|
Batting: LHB Dean Luttman
|
0-0: Ball 1-0: Called Strike 1-1: SINGLE (Line Drive, 5D, EV 99.4 MPH) Eric Tesler to third Runner from 3rd tries for Home, throw by LF and OUT! 7-2
|
|
Batting: RHB Tony Harper
|
0-0: Ball 1-0: Swinging Strike 1-1: Called Strike 1-2: Foul Ball, location: 2F 1-2: Ball 2-2: Foul Ball, location: 2F 2-2: Reached on error, E5 (Groundball, 56, EV 104.4 MPH) Dean Luttman to second
|
|
Batting: RHB Tommy Hunter
|
0-0: Called Strike 0-1: Swinging Strike 0-2: Strikes out swinging
|
| Top of the 8th over - 0 runs, 2 hits, 1 error, 2 left on base; University of California 5 - University of Illinois 1 |
| BOTTOM OF THE 8TH |
|
University of Illinois Fighting Illini batting - Pitching for University of California Golden Bears : RHP Takeshi Kusanagi
|
|
Pitching: RHP Emmanuel Londono
|
|
|
Pinch Hitting: RHB Eric Brandenburg
|
0-0: Ball 1-0: Fly out, F3 (Flyball, 3D, EV 91.9 MPH)
|
|
Batting: SHB Ryan Buchbinder
|
0-0: Ball 1-0: Swinging Strike 1-1: Foul Ball, location: 2F 1-2: Ball 2-2: Foul Ball, location: 2F 2-2: Strikes out looking
|
|
Batting: RHB Nick Delisle
|
0-0: Ball 1-0: Ball 2-0: Ball 3-0: Called Strike 3-1: Fly out, F9 (Flyball, 9LS, EV 84.4 MPH)
|
| Bottom of the 8th over - 0 runs, 0 hits, 0 errors, 0 left on base; University of California 5 - University of Illinois 1 |
| TOP OF THE 9TH |
|
University of California Golden Bears batting - Pitching for University of Illinois Fighting Illini : RHP Kyle Storey
|
|
Pitching: RHP Lazaro Ramirez
|
|
|
Now at 1B: Eric Brandenburg
|
|
|
Batting: LHB Dean Bloemendal
|
0-0: Ground out 6-3 (Groundball, 6M, EV 96.2 MPH)
|
|
Batting: RHB Luis Monita
|
0-0: Swinging Strike 0-1: Ball 1-1: Ground out 3-1 (Groundball, 34S, EV 85.6 MPH)
|
|
Pinch Hitting: RHB Li He
|
0-0: Ball 1-0: Called Strike 1-1: Ground out 5-3 (Groundball, 5S, EV 73.8 MPH)
|
| Top of the 9th over - 0 runs, 0 hits, 0 errors, 0 left on base; University of California 5 - University of Illinois 1 |
| BOTTOM OF THE 9TH |
|
University of Illinois Fighting Illini batting - Pitching for University of California Golden Bears : RHP Emmanuel Londono
|
|
Now at C: Felix Pantoja
|
|
|
Batting: RHB Marco Castillo
|
0-0: Called Strike 0-1: Swinging Strike 0-2: Strikes out looking
|
|
Batting: RHB Raul Franco
|
0-0: Ball 1-0: Ball 2-0: Ball 3-0: Base on Balls
|
|
Batting: LHB George Roben
|
0-0: Ball 1-0: Called Strike 1-1: Foul Ball, location: 2F 1-2: Foul Ball, location: 2F 1-2: Strikes out looking
|
|
Batting: RHB Nick Lombardo
|
0-0: Swinging Strike 0-1: Called Strike 0-2: Ball 1-2: Fly out, F8 (Flyball, 89XD, EV 99.4 MPH)
|
| Bottom of the 9th over - 0 runs, 0 hits, 0 errors, 1 left on base; University of California 5 - University of Illinois 1 |
|